TOP OF THE 1ST |
Boston Red Sox batting - Pitching for Detroit Tigers : RHP Mario Napoles
|
Pitching: RHP Mario Napoles
|
|
Batting: SHB Ben Ervin
|
0-0: Foul Ball, location: 2F 0-1: Called Strike 0-2: Ball 1-2: Ball 2-2: Fly out, F7 (Line Drive, 7S, EV 93.8 MPH)
|
Batting: LHB Brian Gray
|
0-0: Ball 1-0: Called Strike 1-1: Swinging Strike 1-2: Fly out, F8 (Flyball, 8LXD, EV 95.6 MPH)
|
Batting: SHB Robbie Rogers
|
0-0: Ball 1-0: DOUBLE (Line Drive, 9LM, EV 103.1 MPH)
|
Batting: RHB Cesar Breceda
|
0-0: Ball 1-0: Ball 2-0: Ball 3-0: Base on Balls
|
Batting: LHB Brent Albertson
|
0-0: Called Strike 0-1: Swinging Strike 0-2: Strikes out looking
|
Top of the 1st over - 0 runs, 1 hit, 0 errors, 2 left on base; Boston 0 - Detroit 0 |
BOTTOM OF THE 1ST |
Detroit Tigers batting - Pitching for Boston Red Sox : LHP Ragnar Danielsson
|
Pitching: LHP Ragnar Danielsson
|
|
Batting: RHB Greg Harman
|
0-0: Called Strike 0-1: Ball 1-1: Swinging Strike 1-2: Strikes out swinging
|
Batting: LHB Per Meulengracht
|
0-0: Ground out 5-3 (Groundball, 56, EV 84.4 MPH)
|
Batting: RHB Randy Shrewsbury
|
0-0: Fly out, F4 (Popup, 3S, EV 75.0 MPH)
|
Bottom of the 1st over - 0 runs, 0 hits, 0 errors, 0 left on base; Boston 0 - Detroit 0 |
TOP OF THE 2ND |
Boston Red Sox batting - Pitching for Detroit Tigers : RHP Mario Napoles
|
Batting: SHB Marvin Lawrence
|
0-0: Fly out, F7 (Flyball, 7, EV 96.9 MPH)
|
Batting: RHB Scott Treider
|
0-0: Called Strike 0-1: Ball 1-1: Fly out, F8 (Flyball, 8RM, EV 82.5 MPH)
|
Batting: LHB John Bailey
|
0-0: SOLO HOME RUN (Flyball, 78XD, EV 105.0 MPH), Distance : 416 ft
|
Batting: RHB Brandon Perris
|
0-0: Ball 1-0: Ball 2-0: SINGLE (Line Drive, 7LS, EV 103.1 MPH)
|
Batting: SHB Ben Ervin
|
0-0: Swinging Strike 0-1: Swinging Strike 0-2: Foul Ball, location: 2F 0-2: Ball 1-2: Ball 2-2: SINGLE (Groundball, 13, EV 86.2 MPH) (infield hit) Brandon Perris to second
|
Batting: LHB Brian Gray
|
0-0: Fly out, F5 (Flyball, 5D, EV 92.5 MPH)
|
Top of the 2nd over - 1 run, 3 hits, 0 errors, 2 left on base; Boston 1 - Detroit 0 |
BOTTOM OF THE 2ND |
Detroit Tigers batting - Pitching for Boston Red Sox : LHP Ragnar Danielsson
|
Batting: RHB Victor Quinones
|
0-0: Ball 1-0: Ball 2-0: Ball 3-0: Called Strike 3-1: Called Strike 3-2: Ground out 4-3 (Groundball, 4MS, EV 65.6 MPH)
|
Batting: LHB Morgan Black
|
0-0: Swinging Strike 0-1: Ball 1-1: Ball 2-1: Swinging Strike 2-2: Ball 3-2: Foul Ball, location: 2F 3-2: Fly out, F8 (Flyball, 8RS, EV 81.9 MPH)
|
Batting: RHB Ryan Neal
|
0-0: Ball 1-0: Ball 2-0: Called Strike 2-1: Fly out, F9 (Flyball, 89S, EV 89.4 MPH)
|
Bottom of the 2nd over - 0 runs, 0 hits, 0 errors, 0 left on base; Boston 1 - Detroit 0 |
TOP OF THE 3RD |
Boston Red Sox batting - Pitching for Detroit Tigers : RHP Mario Napoles
|
Batting: SHB Robbie Rogers
|
0-0: Ball 1-0: Ball 2-0: Swinging Strike 2-1: Ball 3-1: Base on Balls
|
Batting: RHB Cesar Breceda
|
0-0: Ball 1-0: Swinging Strike 1-1: Foul Ball, location: 2F 1-2: Strikes out swinging
|
Batting: LHB Brent Albertson
|
0-0: Ball 1-0: Ball 2-0: Ball 3-0: Base on Balls Robbie Rogers to second
|
Batting: SHB Marvin Lawrence
|
0-0: Ball 1-0: Swinging Strike 1-1: Ball 2-1: Ball 3-1: Swinging Strike 3-2: Strikes out swinging
|
Batting: RHB Scott Treider
|
0-0: Ball 1-0: Called Strike 1-1: Foul Ball, location: 2F 1-2: Strikes out looking
|
Top of the 3rd over - 0 runs, 0 hits, 0 errors, 2 left on base; Boston 1 - Detroit 0 |
BOTTOM OF THE 3RD |
Detroit Tigers batting - Pitching for Boston Red Sox : LHP Ragnar Danielsson
|
Batting: LHB Tyler Davis
|
0-0: Called Strike 0-1: Ball 1-1: Fly out, F9 (Flyball, 9LD, EV 96.2 MPH)
|
Batting: LHB Brad Turner
|
0-0: Swinging Strike 0-1: Fly out, F7 (Flyball, 7D, EV 75.6 MPH)
|
Batting: RHB Danny Eberhart
|
0-0: Swinging Strike 0-1: SINGLE (Flyball, 78S, EV 96.9 MPH)
|
Batting: RHB Greg Harman
|
0-0: Called Strike 0-1: Fielders Choice at 2nd, 6-4 (Groundball, 56D, EV 84.4 MPH)
|
Bottom of the 3rd over - 0 runs, 1 hit, 0 errors, 1 left on base; Boston 1 - Detroit 0 |
TOP OF THE 4TH |
Boston Red Sox batting - Pitching for Detroit Tigers : RHP Mario Napoles
|
Pitching: RHP Joe Bradford
|
|
Batting: LHB John Bailey
|
0-0: Swinging Strike 0-1: Swinging Strike 0-2: Ball 1-2: Foul Ball, location: 2F 1-2: Ball 2-2: Foul Ball, location: 2F 2-2: Foul Ball, location: 2F 2-2: Foul Ball, location: 2F 2-2: Strikes out swinging
|
Batting: RHB Brandon Perris
|
0-0: Called Strike 0-1: Foul Ball, location: 2F 0-2: Foul Ball, location: 2F 0-2: Ball 1-2: Ball 2-2: Ground out 6-3 (Groundball, 6, EV 83.1 MPH)
|
Batting: SHB Ben Ervin
|
0-0: Ball 1-0: Ball 2-0: Foul Ball, location: 2F 2-1: Foul Ball, location: 2F 2-2: Foul Ball, location: 2F 2-2: Foul Ball, location: 2F 2-2: Foul Ball, location: 2F 2-2: Ball 3-2: Strikes out swinging
|
Top of the 4th over - 0 runs, 0 hits, 0 errors, 0 left on base; Boston 1 - Detroit 0 |
BOTTOM OF THE 4TH |
Detroit Tigers batting - Pitching for Boston Red Sox : LHP Ragnar Danielsson
|
Batting: LHB Per Meulengracht
|
0-0: Ball 1-0: Called Strike 1-1: Foul Ball, location: 2F 1-2: Ground out 1-3 (Groundball, 34S, EV 74.4 MPH)
|
Batting: RHB Randy Shrewsbury
|
0-0: Called Strike 0-1: Foul Ball, location: 2F 0-2: Fly out, F9 (Line Drive, 9, EV 95.0 MPH)
|
Batting: RHB Victor Quinones
|
0-0: Ball 1-0: Called Strike 1-1: Ball 2-1: Called Strike 2-2: SINGLE (Flyball, 56D, EV 99.4 MPH)
|
Batting: LHB Morgan Black
|
0-0: 2-RUN HOME RUN (Line Drive, 8LXD, EV 115.6 MPH), Distance : 435 ft
|
Batting: RHB Ryan Neal
|
0-0: Swinging Strike 0-1: Ball 1-1: Ball 2-1: Fly out, F9 (Flyball, 9S, EV 87.5 MPH)
|
Bottom of the 4th over - 2 runs, 2 hits, 0 errors, 0 left on base; Boston 1 - Detroit 2 |
TOP OF THE 5TH |
Boston Red Sox batting - Pitching for Detroit Tigers : RHP Joe Bradford
|
Batting: LHB Brian Gray
|
0-0: Ball 1-0: Called Strike 1-1: Ball 2-1: Ball 3-1: Base on Balls
|
Batting: SHB Robbie Rogers
|
0-0: Ball 1-0: Ball 2-0: Called Strike 2-1: Ball 3-1: Called Strike 3-2: Base on Balls Brian Gray to second
|
Batting: RHB Cesar Breceda
|
0-0: Called Strike 0-1: Ball 1-1: Ball 2-1: Ball 3-1: Base on Balls Brian Gray to third Robbie Rogers to second
|
Batting: LHB Brent Albertson
|
0-0: Called Strike 0-1: Grounds into double play, 4-6-3 (Groundball, 4, EV 86.9 MPH) Brian Gray scores Robbie Rogers to third
|
Batting: SHB Marvin Lawrence
|
0-0: Ball 1-0: Ball 2-0: Called Strike 2-1: Ball 3-1: Foul Ball, location: 2F 3-2: Strikes out swinging
|
Top of the 5th over - 1 run, 0 hits, 0 errors, 1 left on base; Boston 2 - Detroit 2 |
BOTTOM OF THE 5TH |
Detroit Tigers batting - Pitching for Boston Red Sox : LHP Ragnar Danielsson
|
Batting: LHB Tyler Davis
|
0-0: Called Strike 0-1: Foul Ball, location: 2F 0-2: Ground out 6-3 (Groundball, 4MD, EV 103.1 MPH)
|
Batting: LHB Brad Turner
|
0-0: Ball 1-0: Ball 2-0: Swinging Strike 2-1: Ball 3-1: Called Strike 3-2: Ground out 5-3 (Groundball, 6S, EV 89.4 MPH)
|
Batting: RHB Danny Eberhart
|
0-0: Called Strike 0-1: Ball 1-1: SOLO HOME RUN (Flyball, 9LD, EV 91.9 MPH), Distance : 344 ft
|
Batting: RHB Greg Harman
|
0-0: Ball 1-0: Ball 2-0: Ground out 4-3 (Groundball, 4M, EV 90.0 MPH)
|
Bottom of the 5th over - 1 run, 1 hit, 0 errors, 0 left on base; Boston 2 - Detroit 3 |
TOP OF THE 6TH |
Boston Red Sox batting - Pitching for Detroit Tigers : RHP Joe Bradford
|
Pitching: RHP Josh Wollaston
|
|
Batting: RHB Scott Treider
|
0-0: Called Strike 0-1: Ball 1-1: Ball 2-1: Foul Ball, location: 2F 2-2: Ground out 6-3 (Groundball, 6, EV 98.1 MPH)
|
Batting: LHB John Bailey
|
0-0: Called Strike 0-1: Ball 1-1: SINGLE (Groundball, 34D, EV 105.0 MPH)
|
Pinch Hitting: LHB Mike Mentzer
|
0-0: Ball 1-0: Foul Ball, location: 2F 1-1: Ball 2-1: Fly out, F4 (Line Drive, 3, EV 76.2 MPH)
|
Batting: SHB Ben Ervin
|
0-0: Called Strike 0-1: Ball 1-1: Swinging Strike 1-2: Strikes out swinging
|
Top of the 6th over - 0 runs, 1 hit, 0 errors, 1 left on base; Boston 2 - Detroit 3 |
BOTTOM OF THE 6TH |
Detroit Tigers batting - Pitching for Boston Red Sox : LHP Ragnar Danielsson
|
Now at SS: Won-jun Park
|
|
Batting: LHB Per Meulengracht
|
0-0: Ball 1-0: Ball 2-0: Called Strike 2-1: Called Strike 2-2: SINGLE (Popup, 6MD, EV 51.9 MPH)
|
Batting: RHB Randy Shrewsbury
|
0-0: Ball 1-0: Ball Per Meulengracht steals 2nd base 2-0: Called Strike 2-1: Swinging Strike 2-2: Ground out U3 (Groundball, 3, EV 83.8 MPH) Per Meulengracht to third
|
Batting: RHB Victor Quinones
|
0-0: Ball 1-0: SINGLE (Groundball, 4MD, EV 95.0 MPH) Per Meulengracht scores
|
Batting: LHB Morgan Black
|
0-0: Ball 1-0: Ball 2-0: Called Strike 2-1: Ball Victor Quinones is caught stealing 2nd base 2-6 3-1: Base on Balls
|
Batting: RHB Ryan Neal
|
0-0: Called Strike 0-1: Called Strike 0-2: Ball 1-2: Ball 2-2: Ball 3-2: Ground out 5-3 (Groundball, 56, EV 104.4 MPH)
|
Bottom of the 6th over - 1 run, 2 hits, 0 errors, 1 left on base; Boston 2 - Detroit 4 |
TOP OF THE 7TH |
Boston Red Sox batting - Pitching for Detroit Tigers : RHP Josh Wollaston
|
Batting: LHB Brian Gray
|
0-0: Foul Ball, location: 2F 0-1: SINGLE (Flyball, 78S, EV 86.2 MPH)
|
Batting: SHB Robbie Rogers
|
0-0: Called Strike 0-1: Ball Brian Gray steals 2nd base 1-1: Foul Ball, location: 2F 1-2: Fly out, F8 (Line Drive, 8RM, EV 95.6 MPH)
|
Batting: RHB Cesar Breceda
|
0-0: Foul Ball, location: 2F 0-1: Ball 1-1: Ball 2-1: Swinging Strike 2-2: Ball 3-2: Foul Ball, location: 2F 3-2: Foul Ball, location: 2F 3-2: Foul Ball, location: 2F 3-2: Strikes out swinging
|
Batting: LHB Brent Albertson
|
0-0: Swinging Strike 0-1: Foul Ball, location: 2F 0-2: Fly out, F7 (Flyball, 7D, EV 104.4 MPH)
|
Top of the 7th over - 0 runs, 1 hit, 0 errors, 1 left on base; Boston 2 - Detroit 4 |
BOTTOM OF THE 7TH |
Detroit Tigers batting - Pitching for Boston Red Sox : LHP Ragnar Danielsson
|
Batting: LHB Tyler Davis
|
0-0: Foul Ball, location: 2F 0-1: Ball 1-1: Foul Ball, location: 2F 1-2: Strikes out looking
|
Batting: LHB Brad Turner
|
0-0: Called Strike 0-1: Foul Ball, location: 2F 0-2: Ground out U3 (Groundball, 3, EV 89.4 MPH)
|
Batting: RHB Danny Eberhart
|
0-0: Ball 1-0: Ball 2-0: Ball 3-0: Called Strike 3-1: Foul Ball, location: 2F 3-2: Fly out, F8 (Flyball, 8RS, EV 88.1 MPH)
|
Bottom of the 7th over - 0 runs, 0 hits, 0 errors, 0 left on base; Boston 2 - Detroit 4 |
TOP OF THE 8TH |
Boston Red Sox batting - Pitching for Detroit Tigers : RHP Josh Wollaston
|
Pitching: RHP Eric Putnam
|
|
Batting: SHB Marvin Lawrence
|
0-0: Ball 1-0: Called Strike 1-1: Called Strike 1-2: Strikes out swinging
|
Batting: RHB Scott Treider
|
0-0: Ball 1-0: Fly out, F8 (Flyball, 89D, EV 95.0 MPH)
|
Batting: LHB John Bailey
|
0-0: Called Strike 0-1: Foul Ball, location: 2F 0-2: Strikes out swinging
|
Top of the 8th over - 0 runs, 0 hits, 0 errors, 0 left on base; Boston 2 - Detroit 4 |
BOTTOM OF THE 8TH |
Detroit Tigers batting - Pitching for Boston Red Sox : LHP Ragnar Danielsson
|
Pitching: RHP Fred Huber
|
|
Batting: RHB Greg Harman
|
0-0: Ball 1-0: Called Strike 1-1: Swinging Strike 1-2: Strikes out looking
|
Batting: LHB Per Meulengracht
|
0-0: Ball 1-0: TRIPLE (Line Drive, 89XD, EV 105.0 MPH)
|
Batting: RHB Randy Shrewsbury
|
0-0: Fly out, F8 (Flyball, 8LM, EV 95.0 MPH)
|
Batting: RHB Victor Quinones
|
0-0: Swinging Strike 0-1: SINGLE (Line Drive, 89M, EV 94.4 MPH) Per Meulengracht scores
|
Batting: LHB Morgan Black
|
Pickoff Throw to First - Out! 1-3
|
Bottom of the 8th over - 1 run, 2 hits, 0 errors, 0 left on base; Boston 2 - Detroit 5 |
TOP OF THE 9TH |
Boston Red Sox batting - Pitching for Detroit Tigers : RHP Eric Putnam
|
Pitching: RHP Riso Profanter
|
|
Batting: RHB Won-jun Park
|
0-0: Ball 1-0: Called Strike 1-1: Called Strike 1-2: Strikes out looking
|
Batting: SHB Ben Ervin
|
0-0: Ball 1-0: Ball 2-0: Ball 3-0: Called Strike 3-1: Called Strike 3-2: SOLO HOME RUN (Flyball, 9LD, EV 91.9 MPH), Distance : 344 ft
|
Batting: LHB Brian Gray
|
0-0: Ball 1-0: Swinging Strike 1-1: Ball 2-1: Foul Ball, location: 2F 2-2: Foul Ball, location: 2F 2-2: Ball 3-2: Hit by Pitch
|
Batting: SHB Robbie Rogers
|
0-0: Ball 1-0: Fielders Choice at 2nd, 6-4 (Groundball, 6, EV 90.0 MPH)
|
Batting: RHB Cesar Breceda
|
0-0: Ball 1-0: Swinging Strike 1-1: Foul Ball, location: 2F 1-2: Strikes out swinging
|
Top of the 9th over - 1 run, 1 hit, 0 errors, 1 left on base; Boston 3 - Detroit 5 |
|